[Event "Early-Titled-Tuesday-Blitz-September-12-2023"]
[Site "Chess.com"]
[Date "2023.09.12"]
[Round "6"]
[White "BlitzWizard04"]
[Black "TimofeevAr"]
[Result "1/2-1/2"]
[WhiteElo "2627"]
[BlackElo "2836"]
[TimeControl "180+1"]
[EndTime "9:05:21 PDT"]
[Termination "Game drawn by repetition"]

1. e4 e6 2. d4 d5 3. Nc3 dxe4 4. Nxe4 Nd7 5. g3 b6 6. Bg2 Rb8 7. Nf3 Bb7 8. Qe2 Ngf6 9. Nxf6+ Nxf6 10. O-O Be7 11.
Ne5 Bxg2 12. Kxg2 Qd5+ 13. Qf3 Qxf3+ 14. Kxf3 Bd6 15. Bf4 Nd5 16. c4 Nxf4 17. gxf4 Ra8 18. Rac1 f6 19. Nd3 c5 20. dxc5 bxc5 21. b4 Rc8 22.
bxc5 Bxc5 23. Rfe1 Kf7 24. Rb1 Rhe8 25. Rb7+ Re7 26. Reb1 Bb6 27. Rxe7+ Kxe7 28. c5 Bxc5 29. Nxc5 Rxc5 30. Rb7+ Kf8 31. Rxa7 Rc3+ 32. Kg2 h5 33. a4 Kg8 34. h4 Kh7 35. f3 Kg6 36. Kg3 Ra3 37.
a5 Ra4 38. Re7 Kf5 39. Rxg7 Rxa5 40. Rh7 Kg6 41. Re7 Ra6 42. Re8 Rb6 43. Rg8+ Kf5 44.
Rh8 Kg6 45. Rg8+ Kh7 46. Re8 Kg7 47. Rc8 Rb1 48. Rc7+ Kg6 49. Rc6 Re1 50. Kf2 Rh1 51. Rxe6 Rxh4 52. Kg3 Rh1 53. Ra6 Rg1+ 54. Kf2 Rb1 55. Kg3 Rb5 56. Ra8 Kf5 57. Rh8 Ke6 58. Kh4 Rf5 59. Rxh5 Rxf4+ 60. Kg3 Ra4 61. Rb5 Rc4 62.
Rb6+ Ke5 63. Rb5+ Ke6 64. Rb6+ Ke5 65. Rb5+ Ke6 1/2-1/2

[Event "Early-Titled-Tuesday-Blitz-September-12-2023"]
[Site "Chess.com"]
[Date "2023.09.12"]
[Round "6"]
[White "Hasangatin_Ramil"]
[Black "Ncatt"]
[Result "0-1"]
[WhiteElo "2728"]
[BlackElo "2566"]
[TimeControl "180+1"]
[EndTime "9:05:21 PDT"]
[Termination "Ncatt won by resignation"]

1. e4 c5 2. Nf3 Nc6 3. Bb5 Nf6 4. Bxc6 dxc6 5. d3 Qc7 6. e5 Nd5 7. h3 Bf5 8. Qe2 e6 9. Nh4 Bg6 10. Nxg6 hxg6 11. Nd2 g5 12. O-O O-O-O 13. Nf3 Be7 14. Nxg5 Bxg5 15. Bxg5 f6 16. exf6 gxf6 17. Qxe6+ Kb8 18.
Bd2 Rdg8 19. Rfe1 Qg7 20. Qd6+ Ka8 21. Qh2 Qd7 22. Kh1 f5 23. c4 Nb4 24. Bxb4 cxb4 25. Re3 a6 26. Rae1 Qg7 27. Re5 f4 28. Rg1 Qxe5 29. b3 Qd4 30. f3 Rg3 31. Re1 Qf2 32.
Rg1 Qxa2 0-1

[Event "Early-Titled-Tuesday-Blitz-September-12-2023"]
[Site "Chess.com"]
[Date "2023.09.12"]
[Round "6"]
[White "FARIZA2018"]
[Black "stollenmonster"]
[Result "0-1"]
[WhiteElo "2525"]
[BlackElo "2820"]
[TimeControl "180+1"]
[EndTime "9:05:26 PDT"]
[Termination "stollenmonster won on time"]

1. e4 c5 2. Nf3 Nf6 3. e5 Nd5 4. d4 cxd4 5. Nxd4 Nc6 6. Nxc6 bxc6 7. Bc4 Nb6 8. Bb3 g6 9. O-O Bg7 10. f4 O-O 11. Nc3 d6 12. exd6 exd6 13. Be3 c5 14. Bd5 Rb8 15. Rb1 Re8 16. Bf2 Nxd5 17. Qxd5 Be6 18. Qd2 Bf5 19. Rfd1 Qa5 20. Nd5 Qxa2 21.
Rdc1 Qc4 22. b3 Qe4 23. Nc3 Qb4 24. Be1 Rxe1+ 25. Qxe1 Bxc3 26. Qe7 Qxf4 27. Rf1 Qe5 28. Qxa7 Re8 29. Rbd1 h5 30. Kh1 h4 31. h3 Qg3 32.
Rf3 Re1+ 33. Rxe1 Qxe1+ 0-1

[Event "Early-Titled-Tuesday-Blitz-September-12-2023"]
[Site "Chess.com"]
[Date "2023.09.12"]
[Round "6"]
[White "Mikedannnn"]
[Black "MaxLeto"]
[Result "1-0"]
[WhiteElo "2558"]
[BlackElo "2391"]
[TimeControl "180+1"]
[EndTime "9:05:27 PDT"]
[Termination "Mikedannnn won by checkmate"]

1. e4 c5 2. Nf3 d6 3. d4 cxd4 4. Nxd4 Nf6 5. Nc3 a6 6. f4 b5 7. e5 d5 8. exf6 gxf6 9. Nf3 Bb7 10. Be3 e6 11. Bd3 f5 12. Ne2 Rg8 13. O-O Qf6 14.
Ne5 Nc6 15. Nxc6 Bxc6 16. Nd4 Bb7 17. Qd2 Bc5 18. c3 Rc8 19. Nf3 Bd6 20. Bd4 Qg6 21.
Ne5 Qh6 22. Rae1 f6 23. Ng4 fxg4 24. Rxe6+ Kd7 25. Rxf6 Qh5 26. Bf5+ Kc7 27. Bb6+ Kxb6 28. Rxd6+ Rc6 29. Rxd5 Qf7 30. Qd4+ Ka5 31. b4+ Ka4 32.
Qd1+ Ka3 33. Qb3# 1-0

[Event "Early-Titled-Tuesday-Blitz-September-12-2023"]
[Site "Chess.com"]
[Date "2023.09.12"]
[Round "6"]
[White "Irishchessman16"]
[Black "lluiss"]
[Result "1-0"]
[WhiteElo "2491"]
[BlackElo "2184"]
[TimeControl "180+1"]
[EndTime "9:05:27 PDT"]
[Termination "Irishchessman16 won by resignation"]

1. d4 Nf6 2. Nc3 d5 3. Bf4 g6 4. e3 Bg7 5. Nb5 Na6 6. h3 O-O 7. Nf3 Ne4 8. Bd3 Nd6 9. Nxd6 exd6 10. c3 Nb8 11. O-O Nd7 12. c4 Nf6 13. Rc1 c6 14.
Nd2 Be6 15. Bh2 Qd7 16. cxd5 Bxd5 17. b3 Rfe8 18. Nc4 Bxc4 19. bxc4 c5 20. Be2 Rad8 21.
Bf3 b6 22. Qd3 Qe7 23. Rfd1 Nd7 24. Bc6 cxd4 25. exd4 Rc8 26. Bb5 Red8 27. Re1 Qf6 28. Rcd1 Nb8 29. Qa3 Nc6 30. Bxc6 Rxc6 31. Qxa7 Rxc4 32.
Qxb6 Rxd4 33. Rxd4 Qxd4 34. Qxd8+ 1-0

[Event "Early-Titled-Tuesday-Blitz-September-12-2023"]
[Site "Chess.com"]
[Date "2023.09.12"]
[Round "6"]
[White "MBA_CHESS_2021"]
[Black "Rikikits"]
[Result "0-1"]
[WhiteElo "2159"]
[BlackElo "2859"]
[TimeControl "180+1"]
[EndTime "9:05:30 PDT"]
[Termination "Rikikits won on time"]

1. d4 f5 2. Bg5 g6 3. e3 Nh6 4. c4 Nf7 5. Bh4 Bg7 6. Nc3 c5 7. Nf3 cxd4 8. exd4 d6 9. Bd3 h6 10. h3 g5 11. Bg3 Nc6 12. d5 f4 13. dxc6 fxg3 14.
fxg3 bxc6 15. O-O O-O 16. Kh1 Rb8 17. Qc2 Ne5 18. Nxe5 Bxe5 19. Rxf8+ Qxf8 20. Rf1 Qg7 21. g4 Be6 22. Qe2 Rf8 23. Rxf8+ Qxf8 24. Qe4 Qf6 25.
Qh7+ Kf8 26. Ne4 Qg7 27. Qxg7+ Bxg7 28. b3 Bd4 29. Kh2 Bf7 30. g3 d5 31. cxd5 cxd5 32.
Nd2 e5 33. Bb5 Ke7 34. Kg2 e4 35. Kf1 Kd6 36. Ke2 Bc3 37. Nf1 d4 38. Ba6 Bd5 39.
h4 Kc5 40. hxg5 hxg5 41. Nd2 Bxd2 42. Kxd2 Be6 43. a3 Bxb3 44. Bb7 Bd5 45. Bc8 e3+ 0-1

[Event "Early-Titled-Tuesday-Blitz-September-12-2023"]
[Site "Chess.com"]
[Date "2023.09.12"]
[Round "6"]
[White "Juicy_Fork"]
[Black "AndreiITrifan"]
[Result "0-1"]
[WhiteElo "2462"]
[BlackElo "2630"]
[TimeControl "180+1"]
[EndTime "9:05:30 PDT"]
[Termination "AndreiITrifan won by checkmate"]

1. e4 d6 2. d4 Nf6 3. Nc3 g6 4. Be3 Bg7 5. Qd2 h5 6. f3 c6 7. a4 a5 8. h4 Na6 9. Nh3 Bxh3 10. Rxh3 Nb4 11. O-O-O Nd7 12. Kb1 Nb6 13. g4 Qd7 14. Be2 d5 15. e5 Nc4 16. Bxc4 dxc4 17. Rg3 Nd5 18. Ne4 b6 19. Qe2 c5 20. Bg5 Qxa4 21. dxc5 O-O-O 22. gxh5 Bxe5 23. Rgg1 Bxb2 24. Kxb2 c3+ 25. Nxc3 Qb4+ 26. Kc1 Nxc3 27. Rxd8+ Rxd8 28. Qa6+ Kb8 29. Bf4+ Qxf4+ 30. Kb2 Qb4+ 31. Kc1 Qa3# 0-1

[Event "Early-Titled-Tuesday-Blitz-September-12-2023"]
[Site "Chess.com"]
[Date "2023.09.12"]
[Round "6"]
[White "play1ngtheangel"]
[Black "DanyKopy"]
[Result "0-1"]
[WhiteElo "2648"]
[BlackElo "2525"]
[TimeControl "180+1"]
[EndTime "9:05:31 PDT"]
[Termination "DanyKopy won by resignation"]

1. e4 c5 2. Nf3 Nc6 3. d4 cxd4 4. Nxd4 e5 5. Nb5 d6 6. N1c3 a6 7. Na3 Be6 8. Nd5 Bxd5 9. exd5 Nce7 10. c4 f5 11. Bd3 Nf6 12. O-O g6 13. Re1 Bg7 14. c5 Nexd5 15. cxd6 e4 16. Bc4 Qxd6 17. Bf4 Qxf4 18.
Bxd5 Rd8 19. Qa4+ Rd7 20. Be6 b5 21. Qxa6 Rd6 22. Qxb5+ Ke7 23. Bb3 Ng4 24. Qb7+ Rd7 25. Qb4+ Kf6 26. Rad1 Rhd8 27. h3 Qxf2+ 28. Kh1 Rxd1 29.
Bxd1 Rd2 30. Qc3+ Kg5 0-1

[Event "Early-Titled-Tuesday-Blitz-September-12-2023"]
[Site "Chess.com"]
[Date "2023.09.12"]
[Round "6"]
[White "VSanduleac"]
[Black "Mikasinski"]
[Result "1-0"]
[WhiteElo "2546"]
[BlackElo "2665"]
[TimeControl "180+1"]
[EndTime "9:05:33 PDT"]
[Termination "VSanduleac won by resignation"]

1. e4 c5 2. Nf3 d6 3. Bb5+ Bd7 4. Bxd7+ Qxd7 5. O-O Nc6 6. c3 Nf6 7. Qe2 e6 8. d4 cxd4 9. cxd4 d5 10. e5 Ne4 11.
Rd1 Be7 12. Be3 f6 13. exf6 gxf6 14. Nbd2 Nxd2 15. Qxd2 O-O 16. a3 Kh8 17. Rac1 a6 18. Bf4 Rg8 19. Qe3 Rae8 20. b4 Bd6 21. Bxd6 Qxd6 22.
g3 Rg4 23. Qh6 Qf8 24. Qxf8+ Rxf8 25. Rc3 Kg7 26. Kg2 Rd8 27. h3 Re4 28. Rd2 e5 29.
dxe5 fxe5 30. Ng5 Rd4 31. Ne6+ Kf6 32. Nxd4 exd4 33. Rf3+ Ke6 34. Re2+ Kd6 35. Rf6+ Kc7 36. Rf7+ Kb6 37. Rxh7 a5 38. bxa5+ Nxa5 39. Rb2+ Ka6 40.
Rh6+ Ka7 41. h4 Re8 42. h5 Nc4 43. Rb5 Re2 44. Rxd5 Rd2 45. Rd7 d3 46. Rhh7 Rd1 47. Rxb7+ Ka6 48. Rbd7 d2 49. h6 Rb1 50. Rhg7 Rb8 51. h7 Rh8 52. Rg6+ Kb5 53. Rgg7 Ka4 54. g4 Kb3 55. g5 Kc2 56. g6 d1=Q 57. Rxd1 Kxd1 58. Rg8 1-0

[Event "Early-Titled-Tuesday-Blitz-September-12-2023"]
[Site "Chess.com"]
[Date "2023.09.12"]
[Round "6"]
[White "Fleetw00dMac"]
[Black "Russian_berezka"]
[Result "1-0"]
[WhiteElo "2477"]
[BlackElo "2593"]
[TimeControl "180+1"]
[EndTime "9:05:34 PDT"]
[Termination "Fleetw00dMac won by resignation"]

1. d4 Nf6 2. c4 e6 3. Nc3 Bb4 4. Qc2 O-O 5. Nf3 c5 6. dxc5 Na6 7. g3 Nxc5 8. Bg2 Nce4 9. O-O Nxc3 10. bxc3 Be7 11.
e4 d6 12. e5 dxe5 13. Nxe5 Qc7 14. Qe2 Nd7 15. Bf4 Bd6 16. Rfe1 Nxe5 17. Bxe5 Bxe5 18.
Qxe5 Qxe5 19. Rxe5 Rb8 20. Ra5 a6 21. c5 Bd7 22.
Rb1 Bc6 23. Bxc6 bxc6 24. Rb6 Rbd8 25. Rxc6 g5 26. Rcxa6 Rd1+ 27. Kg2 Rc1 28. c6 h6 29. Rc5 Rc8 30. c7 Kf8 31. Ra4 Ke7 32. h4 f6 33.
h5 Rb1 34. Ra6 Rb7 35. Rcc6 Kd7 36. Rd6+ Ke7 37. Rxe6+ Kd7 38. Rxf6 Rbxc7 39. Rf7+ Ke8 40. Rxc7 Rxc7 41. Rxh6 Rxc3 42. Rg6 1-0

[Event "Early-Titled-Tuesday-Blitz-September-12-2023"]
[Site "Chess.com"]
[Date "2023.09.12"]
[Round "6"]
[White "MatyChess1"]
[Black "Arystanner"]
[Result "0-1"]
[WhiteElo "2695"]
[BlackElo "2839"]
[TimeControl "180+1"]
[EndTime "9:05:35 PDT"]
[Termination "Arystanner won on time"]

1. d4 Nf6 2. Bf4 e6 3. e3 d5 4. Nf3 c5 5. Nbd2 Nc6 6. c3 Be7 7. Ne5 Nd7 8. Qg4 Ndxe5 9. dxe5 g5 10. h4 gxf4 11. Qg7 Kd7 12. exf4 Qg8 13. Qxg8 Rxg8 14. Nf3 h6 15. O-O-O Kc7 16. g3 Bd7 17. Be2 c4 18. Nh2 Bc5 19. Rhf1 b5 20. Bh5 b4 21.
Ng4 bxc3 22. bxc3 Rgb8 23. Kc2 d4 24. cxd4 Nxd4+ 25. Kc3 Ne2+ 26. Kxc4 Ba3 27. Rxd7+ Kxd7 28. Nf6+ Ke7 29. Bxe2 Rb2 30. Bf3 Rc8+ 31. Kd3 Bb4 32. Ne4 Rxa2 33. Bh5 Ra3+ 34. Kd4 Ba5 35. Nd6 Bb6+ 36.
Ke4 f5+ 37. exf6+ Kxd6 38. Rd1+ Kc6 39. Ke5 Ra5+ 40. Kxe6 Rxh5 41. Rc1+ Rc5 42. Rxc5+ Bxc5 0-1

[Event "Early-Titled-Tuesday-Blitz-September-12-2023"]
[Site "Chess.com"]
[Date "2023.09.12"]
[Round "6"]
[White "hellokostya"]
[Black "ploxoi"]
[Result "1-0"]
[WhiteElo "2609"]
[BlackElo "2394"]
[TimeControl "180+1"]
[EndTime "9:05:35 PDT"]
[Termination "hellokostya won by checkmate"]

1. Nf3 d5 2. e3 c6 3. c4 Nf6 4. Nc3 Bf5 5. d4 e6 6. Nh4 Bg4 7. Qb3 Qb6 8. h3 Bh5 9. g4 Bg6 10. Nxg6 hxg6 11. Bg2 Nbd7 12. Bd2 Bd6 13. O-O-O dxc4 14.
Qxc4 O-O 15. e4 e5 16. Be3 Qa5 17. dxe5 Nxe5 18. Qb3 Be7 19. f4 Ned7 20. g5 Bc5 21.
Ne2 Bxe3+ 22. Qxe3 Qxa2 23. gxf6 Nxf6 24. e5 Nd5 25.
Bxd5 cxd5 26. Nc3 Rac8 27. e6 fxe6 28. Qxe6+ Kh7 29. f5 gxf5 30. Rhg1 d4 31. Qg6+ Kh8 32. Qxg7# 1-0

[Event "Early-Titled-Tuesday-Blitz-September-12-2023"]
[Site "Chess.com"]
[Date "2023.09.12"]
[Round "6"]
[White "CFalcons8"]
[Black "Mariia89"]
[Result "1-0"]
[WhiteElo "2307"]
[BlackElo "1992"]
[TimeControl "180+1"]
[EndTime "9:05:35 PDT"]
[Termination "CFalcons8 won on time"]

1. e4 c6 2. d4 d5 3. Nc3 dxe4 4. Nxe4 Nf6 5. Nxf6+ exf6 6. c3 Be7 7. Bd3 Na6 8.
Ne2 Nc7 9. Bf4 Nd5 10. Bg3 Bg4 11. f3 Bh5 12. Qd2 Bg6 13. O-O O-O 14. a3 Bd6 15. c4 Ne7 16. Bxg6 hxg6 17. Bxd6 Qxd6 18.
Qf4 Rad8 19. Rad1 Nf5 20. Qxd6 Rxd6 21. Rd3 Rfd8 22. Rfd1 a6 23. Kf2 R8d7 24. g4 Ne7 25. c5 Re6 26. Nf4 Nd5 27. Nxe6 fxe6 28. Re1 Kf7 29.
Kg3 g5 30. b4 Nf4 31. Rd2 Rd5 32. h4 e5 33. hxg5 Ne6 34. gxf6 gxf6 35. Rh1 Nxd4 36.
Rh7+ Ke6 37. Rxb7 1-0

[Event "Early-Titled-Tuesday-Blitz-September-12-2023"]
[Site "Chess.com"]
[Date "2023.09.12"]
[Round "6"]
[White "tylityli"]
[Black "taleslascando"]
[Result "1-0"]
[WhiteElo "2303"]
[BlackElo "1938"]
[TimeControl "180+1"]
[EndTime "9:05:35 PDT"]
[Termination "tylityli won on time"]

1. d4 Nf6 2. c4 e6 3. Nc3 Bb4 4. e3 d5 5. Ne2 O-O 6. a3 Be7 7. cxd5 exd5 8. g3 Bg4 9. Bg2 c6 10. O-O a5 11. f3 Bh5 12. e4 dxe4 13. fxe4 Na6 14. e5 Nd5 15. Nxd5 cxd5 16. Qd2 Nc7 17.
Nf4 Bg4 18. h3 Be6 19. Qd3 Rc8 20. Be3 Qd7 21. g4 Rfd8 22. Rac1 Qb5 23. Qxb5 Nxb5 24.
Kf2 Nc7 25. Bf3 f6 26. Nd3 fxe5 27. Nxe5 Bf6 28. Bf4 h6 29. Bg3 Ne8 30. Ke2 Bg5 31. Rxc8 Rxc8 32. Kd3 Nd6 33. h4 Bf6 34. Bf4 Nc4 35.
Nxc4 dxc4+ 36. Kc3 Rd8 37. Rd1 b5 38. Be5 Bxe5 39.
dxe5 Rxd1 40. Bxd1 Kf7 41. Kd4 b4 42. axb4 axb4 43.
Be2 1-0

[Event "Early-Titled-Tuesday-Blitz-September-12-2023"]
[Site "Chess.com"]
[Date "2023.09.12"]
[Round "6"]
[White "jcmesafischer"]
[Black "kidagent"]
[Result "1-0"]
[WhiteElo "2386"]
[BlackElo "2199"]
[TimeControl "180+1"]
[EndTime "9:05:35 PDT"]
[Termination "jcmesafischer won on time"]

1. Nf3 Nf6 2. c4 c6 3. d4 d5 4. Nc3 e6 5. Bg5 h6 6. Bh4 dxc4 7.
e4 g5 8. Bg3 b5 9. h4 g4 10.
Ne5 Nbd7 11. Nxg4 Bb4 12. Nxf6+ Nxf6 13. Be5 Rg8 14. f3 Nh5 15. g4 f6 16. Bh2 Ng7 17. Qd2 f5 18. O-O-O fxg4 19. fxg4 Qxh4 20. Bd6 Qxh1 21.
Bxb4 Qh4 22. Kb1 Bd7 23. d5 O-O-O 24. Qd4 Kb7 25. Bc5 exd5 26. Bxa7 Qxg4 27. Qb6+ Ka8 28. Bb8 1-0

[Event "Early-Titled-Tuesday-Blitz-September-12-2023"]
[Site "Chess.com"]
[Date "2023.09.12"]
[Round "6"]
[White "LuisFSiles"]
[Black "JiaHaoxiang"]
[Result "0-1"]
[WhiteElo "2385"]
[BlackElo "2604"]
[TimeControl "180+1"]
[EndTime "9:05:36 PDT"]
[Termination "JiaHaoxiang won by resignation"]

1. e4 c5 2. Nf3 d6 3. Bb5+ Bd7 4.
Bxd7+ Qxd7 5. O-O Nc6 6. c3 Nf6 7. Re1 e6 8. d4 cxd4 9. cxd4 d5 10. e5 Ne4 11. Nbd2 Nxd2 12. Bxd2 Be7 13. Rc1 O-O 14. Rc3 f6 15. exf6 Rxf6 16. Ne5 Nxe5 17. dxe5 Rf5 18.
Qc2 Bd8 19. g4 Rf7 20. Rc1 Bb6 21. Rc8+ Rf8 22. Rxa8 Rxa8 23. Kg2 Rf8 24. f3 Qb5 25.
Bg5 d4 26. Be7 Re8 27. a4 Qxe5 28. Ba3 Rd8 29. Qd2 d3 30. Re1 Qd5 31. b4 Rf8 32.
Rf1 Qb3 33. Bc1 Rc8 34. Rf2 Bxf2 0-1

[Event "Early-Titled-Tuesday-Blitz-September-12-2023"]
[Site "Chess.com"]
[Date "2023.09.12"]
[Round "6"]
[White "Rosh1610"]
[Black "JaloliddinIlkhomi"]
[Result "0-1"]
[WhiteElo "2434"]
[BlackElo "2615"]
[TimeControl "180+1"]
[EndTime "9:05:37 PDT"]
[Termination "JaloliddinIlkhomi won by resignation"]

1. e4 e6 2. d4 d5 3. Nc3 Bb4 4. exd5 exd5 5. Bd3 Nc6 6. Ne2 Nge7 7. O-O O-O 8. Bg5 f6 9. Bf4 Bf5 10. f3 Qd7 11.
Qd2 Rae8 12. Rae1 Bd6 13. Kh1 Bxf4 14. Bxf5 Bxd2 15. Bxd7 Bxe1 16. Bxe8 Rxe8 17. Rxe1 Nf5 18. Rd1 Ne3 19. Rd2 Nc4 20. Rd1 Nxb2 21. Rb1 Nc4 22. h3 b6 23. Kg1 Ne3 24. Rc1 Nb4 25.
Nb5 c6 26. Nxa7 Nexc2 27. Nc3 Nxd4 28. a3 Ra8 29. axb4 Rxa7 30. b5 Nxb5 31. Nxb5 cxb5 32. Rd1 Rd7 33. Rb1 d4 34. Rxb5 d3 35. Rb1 d2 36.
Rd1 Kf7 37. Kf2 Ke6 38. Ke2 Ke5 39. g3 h5 40. Ke3 g5 41. Ke2 h4 42. gxh4 gxh4 43.
Ke3 Kf5 44. f4 b5 45. Kf3 b4 46. Ke3 b3 0-1

[Event "Early-Titled-Tuesday-Blitz-September-12-2023"]
[Site "Chess.com"]
[Date "2023.09.12"]
[Round "6"]
[White "Cambek64"]
[Black "Aleksandar-Topalov"]
[Result "1/2-1/2"]
[WhiteElo "2507"]
[BlackElo "2347"]
[TimeControl "180+1"]
[EndTime "9:05:38 PDT"]
[Termination "Game drawn by repetition"]

1. e4 e6 2. d3 c5 3. g3 Nc6 4.
Bg2 g6 5. f4 Bg7 6. Nf3 d6 7.
O-O Nge7 8. c4 O-O 9. Nc3 Rb8 10.
Be3 Nd4 11. g4 f5 12. g5 Nec6 13. h4 b5 14. Qd2 bxc4 15. dxc4 Qa5 16. Rf2 Qb4 17.
Rc1 Qxc4 18. exf5 Nxf5 19. h5 Ncd4 20. Bxd4 Bxd4 21. Nxd4 Qxd4 22. Ne4 gxh5 23. Nf6+ Rxf6 24. Qxd4 Nxd4 25. gxf6 Kf7 26. Be4 Kxf6 27. Bxh7 Bb7 28. Rc3 Bd5 29. Ra3 Rb7 30. Bd3 Nf3+ 31. Kf1 Rg7 32. Ke2 Nd4+ 33. Kd2 h4 34. Ra6 c4 35. Bf1 Nf3+ 36. Ke2 Nd4+ 37. Kd2 Nf3+ 38. Ke2 Nd4+ 39. Kd2 1/2-1/2

[Event "Early-Titled-Tuesday-Blitz-September-12-2023"]
[Site "Chess.com"]
[Date "2023.09.12"]
[Round "6"]
[White "splendidkid"]
[Black "h4parah5"]
[Result "1-0"]
[WhiteElo "2770"]
[BlackElo "2930"]
[TimeControl "180+1"]
[EndTime "9:05:39 PDT"]
[Termination "splendidkid won by resignation"]

1. d4 Nf6 2. c4 g6 3. Nf3 Bg7 4.
Nc3 O-O 5. Bf4 d6 6. h3 Nc6 7. e3 Nd7 8. Be2 e5 9. Bh2 f5 10. O-O Kh8 11. a3 g5 12. dxe5 dxe5 13. Qc2 h5 14.
Rfd1 g4 15. hxg4 hxg4 16. Nd2 f4 17. exf4 Nd4 18. Qg6 Nxe2+ 19. Nxe2 Qe8 20. Qxg4 Kg8 21. Re1 Nc5 22. Qg3 Bf5 23. fxe5 Rd8 24. Nf3 Nd3 25. Ned4 Bh7 26. Re3 Nxb2 27. Qg4 Qg6 28. Qxg6 Bxg6 29. Ne6 Nxc4 30. Rc3 b5 31. Nxf8 Kxf8 32. a4 a6 33. Bg3 Rd5 34. axb5 axb5 35. Ra7 c5 36. Rb7 Be8 37.
Ng5 Bd7 38. Rf3+ Kg8 39. Rb8+ 1-0

[Event "Early-Titled-Tuesday-Blitz-September-12-2023"]
[Site "Chess.com"]
[Date "2023.09.12"]
[Round "6"]
[White "DonJuanEGenaro"]
[Black "Al_Shima"]
[Result "1-0"]
[WhiteElo "1980"]
[BlackElo "2329"]
[TimeControl "180+1"]
[EndTime "9:05:42 PDT"]
[Termination "DonJuanEGenaro won by checkmate"]

1. d4 e5 2. e4 exd4 3. c3 dxc3 4. Nxc3 Nc6 5. Bc4 d6 6. Nf3 Be7 7. Qb3 Na5 8. Bxf7+ Kf8 9. Qa3 Kxf7 10. Qxa5 Nf6 11.
e5 dxe5 12. Nxe5+ Kf8 13. O-O Bd6 14. Bg5 Qe8 15. Rfe1 h6 16. Ng4 Qh5 17. Nxf6 gxf6 18. Qa4 hxg5 19. h3 g4 20. Ne4 Be7 21. Ng3 Qg6 22.
Rxe7 Kxe7 23. Re1+ Kd8 24. Rd1+ Ke7 25. Qb4+ Kf7 26.
Qc4+ Be6 27. Rd7+ Kf8 28. Qxe6 Re8 29. Qd5 Qg5 30. Qf7# 1-0

[Event "Early-Titled-Tuesday-Blitz-September-12-2023"]
[Site "Chess.com"]
[Date "2023.09.12"]
[Round "6"]
[White "Leonid_Starozhilov"]
[Black "Beca95"]
[Result "0-1"]
[WhiteElo "2786"]
[BlackElo "2966"]
[TimeControl "180+1"]
[EndTime "9:05:44 PDT"]
[Termination "Beca95 won by resignation"]

1. e4 e5 2. Nf3 Nf6 3. Nc3 Nc6 4. a3 d5 5. Bb5 Nxe4 6. Qe2 Nxc3 7. Qxe5+ Qe7 8. Qxe7+ Bxe7 9. dxc3 Bd7 10. Bf4 O-O-O 11.
h3 a6 12. Bd3 f6 13. O-O-O Bc5 14. Be3 Bxe3+ 15. fxe3 Be6 16. Nd4 Bd7 17. c4 dxc4 18. Bxc4 Ne5 19. Be2 Rde8 20. Rhe1 Re7 21. b4 Rhe8 22.
Kd2 Nf7 23. Bd3 Nd6 24. c4 Ne4+ 25. Bxe4 Rxe4 26. c5 Bb5 27. Rc1 g6 28. g3 Bd7 29.
h4 Rg4 30. Rg1 Bb5 31. Rce1 f5 32. Rg2 Kd7 33. Rgg1 Ke7 34. Kc3 Kf6 35. Kd2 Ke5 36. Kc3 Kd5 37. Kd2 c6 38. Rg2 a5 39. bxa5 Ra8 40.
Rb1 Rxa5 41. Rb3 Ba6 42. Rg1 Rxc5 43. Rgb1 Rxg3 44. Rxb7 Bxb7 45. Rxb7 Ke4 46. Re7+ Re5 47. Rxh7 Rxe3 48. Nxc6 Rd5+ 0-1

[Event "Early-Titled-Tuesday-Blitz-September-12-2023"]
[Site "Chess.com"]
[Date "2023.09.12"]
[Round "6"]
[White "Kacparov"]
[Black "DumbKing75"]
[Result "1-0"]
[WhiteElo "2909"]
[BlackElo "2666"]
[TimeControl "180+1"]
[EndTime "9:05:44 PDT"]
[Termination "Kacparov won by checkmate"]

1. e4 c5 2. Nf3 d6 3. d4 cxd4 4.
Nxd4 Nf6 5. f3 e5 6. Nb3 Be6 7. c4 a5 8. Be3 Ke7 9. Nc3 a4 10. Nd2 a3 11. b4 Nc6 12. Nd5+ Bxd5 13. cxd5 Nxb4 14. Qb3 Qa5 15. Rb1 Nfxd5 16. exd5 Nxd5 17. Qxb7+ Kf6 18. Rb5 Qc3 19. Qxd5 Qxe3+ 20. Be2 Rc8 21. Kd1 Be7 22. Rb3 Qa7 23. Bc4 Rhf8 24. Ke2 Kg6 25.
Bd3+ Kh6 26. Rb7 Qa8 27. Rhb1 Bg5 28. Ne4 Qa4 29. R7b4 Rc2+ 30. Bxc2 Qxc2+ 31. Kf1 Rc8 32. Qxd6+ g6 33. Nxg5 Kxg5 34. Qxe5+ f5 35. Qe7+ Kh6 36. Rh4# 1-0

[Event "Early-Titled-Tuesday-Blitz-September-12-2023"]
[Site "Chess.com"]
[Date "2023.09.12"]
[Round "6"]
[White "Zhigalko_Sergei"]
[Black "GianmarcoVaR"]
[Result "1-0"]
[WhiteElo "2889"]
[BlackElo "2624"]
[TimeControl "180+1"]
[EndTime "9:05:45 PDT"]
[Termination "Zhigalko_Sergei won by resignation"]

1. e4 c5 2. Nf3 d6 3. d4 cxd4 4. Qxd4 Nf6 5. Nc3 Bd7 6. Bc4 Nc6 7. Qd3 g6 8. h3 Bg7 9. Bb3 O-O 10. O-O Rc8 11. Bg5 Qa5 12. Rad1 Ne5 13. Nxe5 Qxe5 14.
f4 Qc5+ 15. Kh1 Bc6 16. f5 b5 17. Be3 Qe5 18. Bd4 Bxe4 19. Qe2 Rxc3 20. Bxe5 Rxh3+ 21. Kg1 dxe5 22. gxh3 gxf5 23. Kh2 e6 24.
Rg1 Kh8 25. Rxg7 Kxg7 26. Qxb5 Kh8 27. Qxe5 1-0

[Event "Early-Titled-Tuesday-Blitz-September-12-2023"]
[Site "Chess.com"]
[Date "2023.09.12"]
[Round "6"]
[White "KChor05TTV"]
[Black "parintele_chess"]
[Result "1-0"]
[WhiteElo "2595"]
[BlackElo "2266"]
[TimeControl "180+1"]
[EndTime "9:05:48 PDT"]
[Termination "KChor05TTV won by resignation"]

1. e4 e5 2. Nf3 Nc6 3. d4 exd4 4. Bc4 Nf6 5. e5 Ne4 6. c3 d5 7. Bb5 Bd7 8. O-O Be7 9. cxd4 O-O 10. Nc3 Bg4 11.
Be2 f6 12. Qb3 Nxc3 13. bxc3 fxe5 14. Qxb7 Na5 15. Qa6 Bxf3 16. Bxf3 Rxf3 17. gxf3 Nc4 18. Qe6+ Kh8 19. dxe5 Qf8 20. Qxd5 Nb6 21. Qe4 Re8 22.
Bf4 Bf6 23. Bg3 Qc5 24. Qd4 Qxd4 25. cxd4 Be7 26. Rac1 Nd5 27. Rc6 Rb8 28. Rfc1 Kg8 29. Rxc7 Nxc7 30. Rxc7 Ba3 31. Rxa7 Bb2 32. d5 Rd8 33. e6 Rd6 34. Ra8+ 1-0

[Event "Early-Titled-Tuesday-Blitz-September-12-2023"]
[Site "Chess.com"]
[Date "2023.09.12"]
[Round "6"]
[White "DarZay"]
[Black "bennyficial"]
[Result "1-0"]
[WhiteElo "2263"]
[BlackElo "2136"]
[TimeControl "180+1"]
[EndTime "9:05:48 PDT"]
[Termination "DarZay won on time"]

1. e4 c5 2. Nf3 g6 3. d4 cxd4 4.
Nxd4 Nf6 5. Nc3 d6 6. Bc4 Bg7 7. O-O O-O 8. h3 Nxe4 9. Nxe4 d5 10. Nf3 dxc4 11. Qe2 b5 12. Bf4 a6 13. Rad1 Qa5 14. Nc5 Qxa2 15. Qe4 e5 16. Qxa8 exf4 17. Qxb8 Bxh3 18. Qxf4 Bf5 19. Nd7 Re8 20. Rfe1 Rd8 21. Qc7 Ra8 22. Nb6 Rf8 23. Rd8 Qxb2 24. Ng5 Qf6 25.
Rxf8+ Bxf8 26. Nf3 Kg7 27. Nd5 1-0

[Event "Early-Titled-Tuesday-Blitz-September-12-2023"]
[Site "Chess.com"]
[Date "2023.09.12"]
[Round "6"]
[White "Cayse"]
[Black "Amirreza_p"]
[Result "1-0"]
[WhiteElo "2852"]
[BlackElo "2568"]
[TimeControl "180+1"]
[EndTime "9:05:49 PDT"]
[Termination "Cayse won by resignation"]

1. e4 c6 2. Nf3 d5 3. d3 dxe4 4. dxe4 Qxd1+ 5. Kxd1 Nf6 6. Nbd2 g6 7. Ne5 Bg7 8. Nd3 O-O 9. f3 b6 10. a4 Nbd7 11.
Nb3 Ba6 12. Bd2 Bxd3 13. Bxd3 Ne5 14. Bc3 Nfd7 15. Ke2 Rfd8 16. Rhd1 Nxd3 17. cxd3 c5 18. Rac1 e5 19. Nd2 Nb8 20. b4 cxb4 21. Bxb4 Na6 22.
Ba3 Bf8 23. Bxf8 Kxf8 24. Nb3 Rac8 25. Ke3 Ke7 26. d4 exd4+ 27. Nxd4 Nc5 28. Rc4 Rd6 29. a5 Rcd8 30. Rb1 f6 31. g4 g5 32. Nf5+ Ke6 33.
Nxd6 Rxd6 34. Rd4 Rc6 35. Rc1 bxa5 36. Rd5 Nxe4 37. Rxc6+ Kxd5 38. Ra6 Nd6 39. Rxa5+ Ke6 40. Rxa7 h6 41. Rh7 Nf7 42. Ke4 f5+ 43. gxf5+ Kf6 44. Rxf7+ Kxf7 45. Ke5 h5 46. h3 Kg8 47. Kf6 g4 48. fxg4 1-0